[ AOE2 MATCH · #504761240 ]
UnrankedGoths vs Tupi
Player's team · WIN
Rival team · LOSS
[ REPLAY ANALYSIS · EXTRACTED FROM THE RECORDED GAME ]
Feudal
9:17
Castle
—
Imperial
—
| APM avg | 62.5 |
| APM peak | 82 |
| eAPM avg | 23.9 |
| Villagers / military | 35 / 11 |
Focus
⚔️ 45.8% · 🌾 54.2%
Militia ×8 · Archer ×2 · Skirmisher ×1
Feudal
8:51
Castle
—
Imperial
—
| APM avg | 66.7 |
| APM peak | 82 |
| eAPM avg | 32.2 |
| Villagers / military | 31 / 7 |
Focus
⚔️ 38.8% · 🌾 61.2%
Skirmisher ×5 · Archer ×2 · Unknown (2550) ×2
Match map
Initial resources + every placement click. Lines = walls · curves = elevation contours. ◆ gold · ⬟ stone · ● berries · ✦ relic · ◌ wall gap
Your base· Open — unwalled flank
AOKI_Nyusika's base· Open — unwalled flank
Smoothed initial terrain · ◌ = detected wall gap · hover for details
Inputs per minute
— Mariann - - AOKI_Nyusika
Build order — Mariann
71 actions detected in the replay
| 0:00 | Create | Villager (Male) |
| 0:01 | Create | Villager (Male) |
| 0:02 | Build | House |
| 0:03 | Build | House |
| 0:10 | Create | Villager (Male) |
| 0:21 | Create | Villager (Male) |
| 0:21 | Create | Villager (Male) |
| 1:26 | Create | Villager (Male) |
| 1:27 | Create | Villager (Male) |
| 2:01 | Create | Villager (Male) |
| 2:02 | Create | Villager (Male) |
| 2:13 | Build | Lumber Camp |
| 2:23 | Create | Villager (Male) |
| 2:24 | Create | Villager (Male) |
| 2:44 | Create | Villager (Male) |
| 2:44 | Create | Villager (Male) |
| 2:55 | Create | Villager (Male) |
| 2:55 | Create | Villager (Male) |
| 3:21 | Create | Villager (Male) |
| 3:48 | Build | House |
| 3:55 | Create | Villager (Male) |
| 3:55 | Create | Villager (Male) |
| 4:30 | Create | Villager (Male) |
| 4:35 | Create | Villager (Male) |
| 5:12 | Create | Villager (Male) |
| 5:12 | Create | Villager (Male) |
| 5:19 | Research | Loom |
| 5:20 | Create | Villager (Male) |
| 5:20 | Create | Villager (Male) |
| 5:20 | Create | Villager (Male) |
| 5:21 | Create | Villager (Male) |
| 5:44 | Build | House |
| 5:51 | Build | Barracks |
| 6:47 | Build | House |
| 7:07 | Research | Feudal Age |
| 7:08 | Research | Feudal Age |
| 7:11 | Build | Mining Camp |
| 7:18 | Create | Militia |
| 7:18 | Create | Militia |
| 7:40 | Create | Militia |
| 7:53 | Create | Militia |
| 7:53 | Create | Militia |
| 8:19 | Create | Militia |
| 8:19 | Create | Militia |
| 8:19 | Create | Militia |
| 8:54 | Create | Villager (Male) |
| 9:17 | Age | Feudal Age |
| 9:19 | Research | Man-at-Arms (upgrade) |
| 9:27 | Build | Mill |
| 9:47 | Build | House |
| 9:50 | Build | Archery Range |
| 10:04 | Build | Farm |
| 10:09 | Build | House |
| 10:10 | Build | Palisade Wall |
| 10:29 | Create | Villager (Male) |
| 10:30 | Create | Villager (Male) |
| 10:49 | Build | Farm |
| 10:50 | Build | Farm |
| 10:52 | Create | Archer |
| 10:56 | Create | Villager (Male) |
| 11:14 | Create | Villager (Male) |
| 11:14 | Create | Villager (Male) |
| 11:26 | Create | Villager (Male) |
| 11:28 | Create | Archer |
| 11:42 | Build | Farm |
| 11:42 | Build | Farm |
| 12:25 | Create | Villager (Male) |
| 12:28 | Build | Farm |
| 12:30 | Build | Farm |
| 12:39 | Create | Skirmisher |
| 12:47 | Create | Villager (Male) |
Build order — AOKI_Nyusika
67 actions detected in the replay
| 0:01 | Create | Villager (Male) |
| 0:01 | Create | Villager (Male) |
| 0:01 | Create | Villager (Male) |
| 0:01 | Create | Villager (Male) |
| 0:02 | Build | House |
| 0:04 | Build | House |
| 1:10 | Create | Villager (Male) |
| 1:30 | Create | Villager (Male) |
| 1:30 | Create | Villager (Male) |
| 2:02 | Create | Villager (Male) |
| 2:28 | Build | Settlement |
| 2:38 | Create | Villager (Male) |
| 2:39 | Create | Villager (Male) |
| 2:44 | Create | Villager (Male) |
| 3:04 | Create | Villager (Male) |
| 3:05 | Create | Villager (Male) |
| 3:24 | Create | Villager (Male) |
| 3:24 | Create | Villager (Male) |
| 3:42 | Create | Villager (Male) |
| 3:51 | Create | Villager (Male) |
| 4:07 | Create | Villager (Male) |
| 4:33 | Build | Settlement |
| 4:55 | Create | Villager (Male) |
| 4:55 | Research | Loom |
| 6:35 | Research | Feudal Age |
| 6:35 | Research | Feudal Age |
| 6:48 | Build | Barracks |
| 7:24 | Build | House |
| 7:46 | Create | Unit 2550 |
| 7:47 | Create | Unit 2550 |
| 7:48 | Create | Villager (Male) |
| 7:55 | Build | Palisade Wall |
| 8:23 | Create | Villager (Male) |
| 8:51 | Age | Feudal Age |
| 8:58 | Build | Archery Range |
| 9:00 | Research | Double-Bit Axe |
| 9:02 | Create | Villager (Male) |
| 9:08 | Build | House |
| 9:15 | Build | House |
| 9:23 | Build | Palisade Wall |
| 9:27 | Build | Palisade Wall |
| 9:33 | Build | Palisade Wall |
| 9:34 | Create | Villager (Male) |
| 9:42 | Create | Villager (Male) |
| 9:57 | Create | Skirmisher |
| 10:09 | Create | Villager (Male) |
| 10:13 | Create | Skirmisher |
| 10:15 | Create | Skirmisher |
| 10:33 | Create | Villager (Male) |
| 10:58 | Create | Villager (Male) |
| 11:01 | Build | Settlement |
| 11:17 | Create | Skirmisher |
| 11:33 | Create | Villager (Male) |
| 11:34 | Create | Skirmisher |
| 11:36 | Create | Archer |
| 11:44 | Build | Farm |
| 11:49 | Build | House |
| 11:50 | Build | Palisade Wall |
| 11:57 | Create | Villager (Male) |
| 12:07 | Build | Farm |
| 12:08 | Create | Archer |
| 12:23 | Create | Villager (Male) |
| 12:25 | Build | Palisade Wall |
| 12:26 | Build | Palisade Wall |
| 12:28 | Build | Palisade Wall |
| 12:32 | Create | Villager (Male) |
| 12:34 | Build | Farm |
Match timeline
| 5:51 | Mariann · first_building Barracks |
| 6:48 | AOKI_Nyusika · first_building Barracks |
| 7:55 | AOKI_Nyusika · wall_segment Palisade Wall x1 |
| 8:51 | AOKI_Nyusika · age_up feudal |
| 8:58 | AOKI_Nyusika · first_building Archery Range |
| 9:17 | Mariann · age_up feudal |
| 9:23 | AOKI_Nyusika · wall_segment Palisade Wall x1 |
| 9:27 | AOKI_Nyusika · wall_segment Palisade Wall x2 |
| 9:33 | AOKI_Nyusika · wall_segment Palisade Wall x1 |
| 9:50 | Mariann · first_building Archery Range |
| 10:10 | Mariann · wall_segment Palisade Wall x1 |
| 11:50 | AOKI_Nyusika · wall_segment Palisade Wall x1 |
| 12:25 | AOKI_Nyusika · wall_segment Palisade Wall x1 |
| 12:26 | AOKI_Nyusika · wall_segment Palisade Wall x1 |
| 12:28 | AOKI_Nyusika · wall_segment Palisade Wall x1 |
| 12:50 | AOKI_Nyusika · resign |
[ AI ANALYSIS · 1 CREDIT ]
What really happened in this match?
Wolo.gg analyzes every decision: build order, eco, micro, common mistakes by bracket. Personalized analysis on WhatsApp or Discord in 30 seconds.
Civ guide
Goths
Perfil
Jugador #4502670